Map: [ESL] Crimson Court

Players

ShoWTimE - Winner!

  • Race: Protoss Protoss
  • Spawn Location: 7:00

Krystianer

  • Race: Protoss Protoss
  • Spawn Location: 1:00

Event: ESL SC2 Masters 2024 Spring (Regional)

VOD

Have the link to the VOD?

Description

Time

  • Played on: April 13, 2024, 9:43 a.m.
  • Length: 12:39

All games in this series

Show
View Real Time Build Order
Export as new Build Order

ShoWTimE Protoss - Winner!

Build Orders: Phoenix Opening 

Get SALT Encoding   

  12  0:00  Probe  
  13  0:12  Probe  
  14  0:17  Pylon  
  14  0:24  Probe (Chrono Boost)  
  15  0:35  Gateway  
  15  0:36  Probe (Chrono Boost)  
  16  0:44  Probe (Chrono Boost)  
  16  0:46  Assimilator  
  17  0:51  Probe  
  18  0:58  Assimilator  
  18  1:03  Probe (Chrono Boost)  
  19  1:07  Gateway  
  20  1:12  Probe (Chrono Boost)  
  20  1:17  Probe (Chrono Boost)  
  20  1:23  Cybernetics Core  
  21  1:29  Probe  
  22  1:35  Pylon  
  22  1:41  Probe  
  23  1:53  Probe  
  24  1:59  Warp Gate, Stalker  
  26  2:06  Sentry  
  26  2:07  Probe  
  29  2:11  Pylon  
  29  2:19  Probe  
  30  2:29  Stalker  
  32  2:31  Sentry  
  34  2:42  Phoenix  
  35  2:49  Nexus  
  35  3:03  Shield Battery  
  34  3:07  Shield Battery  
  34  3:08  Probe  
  34  3:11  Twilight Council  
  35  3:14  Sentry  
  37  3:20  Pylon  
  37  3:21  Probe  
  38  3:31  Shield Battery  
  38  3:33  Probe (Chrono Boost)  
  39  3:45  Probe (Chrono Boost)  
  39  3:47  Stalker x2  
  44  3:52  Shield Battery  
  44  3:54  Probe (Chrono Boost)  
  45  4:00  Probe  
  45  4:01  Blink (Chrono Boost)  
  46  4:03  Probe  
  47  4:12  Probe  
  47  4:15  Probe  
  49  4:23  Stalker  
  51  4:24  Stalker  
  51  4:27  Probe x2  
  51  4:29  Phoenix  
  55  4:31  Shield Battery  
  53  4:40  Probe x2 (Chrono Boost)  
  51  4:52  Probe (Chrono Boost)  
  52  4:57  Probe (Chrono Boost)  
  52  4:58  Probe (Chrono Boost)  
  52  4:59  Nexus  
  53  5:02  Pylon  
  53  5:06  Probe (Chrono Boost)  
  54  5:08  Probe (Chrono Boost)  
  54  5:11  Phoenix  
  55  5:14  Assimilator  
  55  5:17  Probe (Chrono Boost)  
  55  5:20  Probe (Chrono Boost)  
  57  5:22  Probe (Chrono Boost)  
  57  5:27  Shield Battery  
  58  5:29  Stalker x2  
  58  5:33  Probe x2 (Chrono Boost)  
  58  5:35  Pylon  
  64  5:40  Phoenix  
  64  5:42  Probe (Chrono Boost)  
  66  5:44  Probe (Chrono Boost)  
  66  5:45  Forge  
  66  5:47  Probe (Chrono Boost)  
  67  5:53  Probe  
  67  5:54  Stalker  
  67  5:56  Stalker  
  72  5:59  Probe  
  72  6:02  Pylon  
  73  6:07  Probe (Chrono Boost)  
  75  6:11  Robotics Facility, Probe (Chrono Boost)  
  75  6:12  Probe (Chrono Boost)  
  77  6:18  Protoss Ground Weapons Level 1 (Chrono Boost)  
  77  6:21  Probe x2 (Chrono Boost)  
  77  6:22  Probe (Chrono Boost)  
  79  6:25  Stalker  
  79  6:26  Probe x2 (Chrono Boost)  
  79  6:28  Stalker  
  79  6:30  Probe (Chrono Boost)  
  86  6:35  Pylon  
  86  6:38  Probe (Chrono Boost)  
  88  6:40  Gateway  
  88  6:42  Probe (Chrono Boost)  
  88  6:46  Gateway  
  89  6:47  Probe (Chrono Boost)  
  89  6:48  Assimilator, Probe (Chrono Boost)  
  89  6:52  Pylon, Probe (Chrono Boost)  
  89  6:54  Probe x2 (Chrono Boost)  
  93  7:02  Stalker x2  
  93  7:04  Probe  
  93  7:09  Probe x2  
  93  7:11  Phoenix  
  95  7:16  Probe  
  95  7:19  Observer  
  96  7:26  Stalker x2  
  96  7:29  Charge, Gateway  
  100  7:31  Gateway  
  100  7:32  Gateway  
  100  7:35  Pylon, Gateway  
  100  7:37  Observer  
  100  7:38  Stalker  
  100  7:41  Pylon  
  100  7:42  Phoenix  
  103  7:44  Nexus  
  103  7:46  Photon Cannon  
  103  7:49  Pylon  
  103  7:52  Probe  
  104  8:01  Stalker x3, Shield Battery  
  104  8:03  Protoss Ground Weapons Level 2 (Chrono Boost)  
  104  8:04  Probe x3  
  113  8:06  Shield Battery  
  113  8:13  Phoenix  
  113  8:15  Stalker  
  115  8:22  Photon Cannon  
  115  8:25  Stalker x3  
  121  8:29  Pylon, Observer  
  121  8:32  Photon Cannon  
  122  8:41  Stalker x3  
  128  8:45  Probe x2  
  128  8:46  Probe  
  128  8:48  Unknown  
  131  8:50  Dark Shrine  
  131  9:00  Warp Prism (Chrono Boost)  
  129  9:05  Stalker x3  
  129  9:09  Pylon  
  137  9:10  Stalker  
  137  9:15  Photon Cannon  
  139  9:21  Stalker x3  
  144  9:25  Pylon  
  144  9:29  Stalker x2  
  148  9:32  Pylon  
  148  9:34  Stalker  
  150  9:40  Stalker x2  
  150  9:45  Shield Battery  
  153  9:46  Pylon  
  153  9:54  Protoss Ground Weapons Level 3 (Chrono Boost)  
  153  9:56  Stalker x5  
  153  9:59  Probe x2  
  165  10:06  Shield Battery  
  165  10:08  Pylon  
  165  10:14  Pylon  
  165  10:18  Shield Battery, Dark Templar x3  
  171  10:22  Stalker  
  173  10:29  Stalker x3, Shadow Stride (Chrono Boost)  
  179  10:35  Stalker  
  179  10:40  Photon Cannon  
  181  10:43  Pylon  
  181  10:48  Stalker  
  183  10:51  Stalker x3  
  189  11:01  Stalker x4  
  181  11:14  Stalker x4  
  185  11:23  Nexus  
  185  11:24  Pylon  
  161  11:26  Stalker x3  
  161  11:31  Observer  
  163  11:33  Zealot  
  157  11:40  Stalker x4  
  157  11:44  Probe x2  
  157  11:45  Probe  
  168  11:48  Shield Battery  
  168  11:50  Photon Cannon  
  168  11:53  Stalker x3  
  174  11:57  Observer  
  156  12:01  Stalker  
  156  12:08  Probe x2  
  146  12:13  Stalker x4  
  152  12:19  Stalker x3  
  158  12:29  Zealot  
  150  12:37  Gateway  
Show
View Real Time Build Order
Export as new Build Order

Krystianer Protoss 

Build Orders: Oracle Opening 

Get SALT Encoding   

  12  0:00  Probe  
  13  0:12  Probe  
  14  0:17  Pylon  
  14  0:24  Probe (Chrono Boost)  
  15  0:36  Probe (Chrono Boost), Gateway  
  16  0:44  Probe (Chrono Boost)  
  16  0:45  Assimilator  
  17  0:50  Probe  
  17  0:54  Assimilator  
  18  1:03  Probe (Chrono Boost)  
  19  1:07  Gateway  
  20  1:12  Probe (Chrono Boost)  
  20  1:17  Probe (Chrono Boost)  
  20  1:23  Cybernetics Core  
  21  1:29  Probe  
  22  1:36  Pylon  
  22  1:41  Probe  
  23  1:54  Probe  
  24  1:59  Adept  
  24  2:00  Warp Gate, Adept  
  28  2:05  Shield Battery  
  28  2:11  Pylon  
  28  2:13  Probe  
  29  2:29  Adept  
  31  2:30  Adept  
  31  2:35  Stargate  
  32  2:56  Nexus  
  32  3:00  Probe  
  33  3:12  Probe  
  34  3:16  Oracle (Chrono Boost)  
  37  3:23  Pylon  
  37  3:24  Probe  
  38  3:36  Probe  
  39  3:44  Oracle (Chrono Boost)  
  42  3:48  Probe  
  43  4:00  Probe  
  44  4:08  Twilight Council  
  44  4:14  Probe (Chrono Boost)  
  46  4:18  Probe (Chrono Boost)  
  46  4:23  Stalker, Probe (Chrono Boost), Gateway  
  49  4:27  Probe (Chrono Boost)  
  49  4:28  Probe (Chrono Boost)  
  51  4:37  Probe  
  50  4:40  Probe  
  49  4:46  Blink (Chrono Boost)  
  49  4:49  Probe  
  49  4:51  Stalker x2  
  49  4:52  Probe  
  51  4:54  Shield Battery  
  51  4:59  Assimilator  
  51  5:01  Probe  
  51  5:04  Probe  
  54  5:14  Stalker x2  
  54  5:19  Nexus  
  54  5:20  Probe  
  59  5:24  Stalker, Probe (Chrono Boost)  
  61  5:29  Pylon  
  62  5:38  Probe (Chrono Boost)  
  62  5:45  Pylon  
  62  5:46  Probe (Chrono Boost)  
  62  5:47  Probe  
  62  5:48  Adept x2  
  62  5:49  Stalker  
  70  6:01  Shield Battery  
  70  6:03  Probe x2  
  72  6:14  Pylon, Stalker x2  
  72  6:15  Probe x2  
  78  6:18  Forge  
  78  6:26  Forge, Gateway  
  78  6:31  Probe x3 (Chrono Boost)  
  81  6:37  Stalker  
  81  6:38  Stalker  
  85  6:42  Probe (Chrono Boost)  
  85  6:43  Probe x2 (Chrono Boost)  
  88  6:47  Probe (Chrono Boost)  
  88  6:48  Probe (Chrono Boost)  
  88  6:50  Stalker  
  92  6:54  Pylon, Probe  
  92  6:57  Probe  
  92  6:58  Probe  
  92  7:01  Protoss Ground Weapons Level 1 (Chrono Boost)  
  95  7:07  Probe  
  90  7:16  Probe  
  90  7:17  Stalker x3  
  94  7:26  Stalker  
  96  7:30  Protoss Ground Armor Level 1 (Chrono Boost)  
  96  7:32  Gateway x2  
  96  7:33  Gateway  
  96  7:34  Gateway  
  96  7:36  Robotics Facility  
  96  7:40  Pylon  
  96  7:43  Nexus  
  96  7:44  Stalker  
  96  7:47  Probe x2  
  100  7:53  Stalker x3  
  100  7:57  Pylon  
  106  8:03  Gateway  
  106  8:06  Gateway  
  106  8:07  Shield Battery  
  106  8:08  Probe  
  107  8:16  Stalker x3  
  113  8:21  Warp Prism (Chrono Boost)  
  115  8:30  Zealot x4  
  115  8:33  Pylon  
  123  8:35  Sentry  
  123  8:43  Zealot  
  123  8:45  Protoss Ground Weapons Level 2 (Chrono Boost)  
  125  8:48  Observer  
  125  8:53  Pylon  
  125  8:55  Zealot x5  
  134  9:03  Protoss Ground Armor Level 2 (Chrono Boost)  
  134  9:04  Zealot x3  
  134  9:05  Zealot  
  142  9:11  Pylon  
  142  9:13  Pylon  
  142  9:14  Zealot  
  142  9:16  Zealot x2  
  148  9:19  Pylon  
  148  9:26  Charge (Chrono Boost)  
  148  9:41  Stalker x7  
  148  9:45  Pylon  
  162  9:47  Zealot x3, Observer (Chrono Boost)  
  168  9:57  Probe  
  169  10:06  Pylon  
  169  10:07  Pylon  
  169  10:12  Zealot x9  
  187  10:25  Pylon  
  187  10:26  Zealot  
  187  10:27  Pylon  
  189  10:33  Zealot x5  
  198  10:43  Observer  
  189  10:55  Stalker x7  
  200  11:01  Stalker  
  182  11:10  Probe  
  161  11:14  Zealot x2  
  149  11:20  Zealot x2  
  149  11:21  Zealot x5, Probe  
  149  11:22  Probe  
  149  11:23  Probe  
  149  11:25  Probe  
  139  11:29  Stalker  
  131  11:33  Probe  
  131  11:34  Probe  
  131  11:35  Probe  
  131  11:37  Probe  
  125  11:41  Zealot x9  
  125  11:43  Observer  
  144  11:49  Nexus  
  144  11:50  Pylon, Photon Cannon  
  120  12:01  Zealot x5  
  120  12:02  Zealot x2  
  120  12:07  Zealot x2  
  122  12:12  Stalker  
  123  12:23  Zealot x6  
  123  12:29  Zealot x2  
  128  12:35  Zealot  
Tags
 
Add a new tag
Caveats
  • Supply blocks, unpowered buildings, or Contaminate may cause inaccurate times.
  • Supply counts are checked every 10 seconds.